 Dungeon Crawl Stone Soup version 0.25-a0-366-g516bc45ae0 (webtiles) character file.

Game seed: 3752056360190579194, levelgen mode: deterministic

1093 Napalmbreeze the Magician (level 8, -5/61 HPs)
             Began as a Pale Draconian Transmuter on Jan 6, 2020.
             Was an Initiate of Hepliaklqana.
             Slain by an orc warrior
             ... wielding a +0 broad axe
              (8 damage)
             ... on level 5 of the Dungeon.
             The game lasted 00:10:45 (6193 turns).

Napalmbreeze the Magician (DrTm)                    Turns: 6193, Time: 00:10:45

Health: -5/61      AC:  7    Str: 13    XL:     8   Next: 9%
Magic:  13/17      EV: 12    Int: 15    God:    Hepliaklqana [......]
Gold:   232        SH:  0    Dex: 17    Spells: 11/19 levels left

rFire    . . .     SeeInvis .     - Unarmed
rCold    . . .     Gourm    .   (no shield)
rNeg     . . .     Faith    .   (armour unavailable)
rPois    +         Spirit   .   (helmet restricted)
rElec    .         Reflect  .   (no cloak)
rCorr    .         Harm     .   (no gloves)
MR       .....                  f - +0 pair of boots
Stlth    ++........             (no amulet)
HPRegen  0.20/turn              i - +5 ring of dexterity
MPRegen  0.15/turn              b - ring of poison resistance

@: appendage, hasted, very quick
A: breathe steam, unfitting armour, reduced essence, horns 2, cold-blooded, AC
+6
a: Breathe Steam, End Transformation, Recall Ancestor, Ancestor Identity,
Renounce Religion


You were on level 5 of the Dungeon.
You worshipped Hepliaklqana.
Hepliaklqana was noncommittal.
You were not hungry.
You had grown temporary horns.
You visited 1 branch of the dungeon, and saw 6 of its levels.

You collected 232 gold pieces.

Inventory:

Missiles
 a - 61 arrows
Armour
 f - a +0 pair of boots (worn)
Jewellery
 b - a ring of poison resistance (right hand)
 i - a +5 ring of dexterity (left hand)
 j - an uncursed ring of positive energy
 q - an uncursed ring of resist corrosion
Scrolls
 d - 5 scrolls of teleportation {unknown}
 e - 12 scrolls of identify {unknown}
 h - 2 scrolls of fear {unknown}
 k - a scroll of immolation {unknown}
 l - 2 scrolls of fog {unknown}
 m - a scroll of amnesia {unknown}
 n - 2 scrolls of remove curse {unknown}
 p - a scroll of noise {unknown}
 s - a scroll of random uselessness {unknown}
 t - a scroll of enchant weapon {unknown}
Potions
 g - 4 potions of haste
 o - a potion of agility {unknown}
 r - a potion of flight {unknown}
Comestibles
 c - 6 rations


   Skills:
 + Level 5.2 Fighting
 - Level 1.7 Dodging
 + Level 4.2 Unarmed Combat
 + Level 6.2 Spellcasting
 + Level 4.3 Transmutations


You had 11 spell levels left.
You knew the following spells:

 Your Spells              Type           Power        Failure   Level  Hunger
a - Beastly Appendage     Tmut           ###...       2%          1    None
d - Blade Hands           Tmut           ###.......   54%         5    ######.
s - Sticks to Snakes      Tmut           ###.....     3%          2    #......

Your spell library contained the following spells:

 Spells                   Type           Power        Failure   Level  Hunger
 Spider Form              Tmut/Pois      ##........   19%         3    ##.....
 Ice Form                 Ice/Tmut       ##......     52%         4    ####...


Dungeon Overview and Level Annotations

Branches:
Dungeon (6/15)
 Temple: D:4-7

Altars:
Ashenzari
Dithmenos
Elyvilon
Fedhas
Hepliaklqana
Nemelex Xobeh
Trog
Wu Jian


Innate Abilities, Weirdness & Mutations

You can breathe blasts of scalding, opaque steam.
Your pale cyan-grey scales are hard. (AC +6)
You cannot fit into any form of body armour.
You are cold-blooded and may be slowed by cold attacks.
Your life essence is reduced to manifest your ancestor. (-10% HP)
You have a pair of horns on your head.


Message History

Your adder bites the orc warrior but does no damage.
Your adder misses the orc warrior.
Your adder barely misses the orc warrior.
Unknown command.
Unknown command.
You hit the orc warrior but do no damage.
Your tail-slap misses the orc warrior.
The orc warrior is lightly wounded.
Your adder bites the orc warrior.
The orc warrior is poisoned.
Your adder poisons the orc warrior!
The orc warrior hits you with a +0 broad axe!
* * * LOW HITPOINT WARNING * * *
The orc warrior completely misses your adder.
The orc warrior closely misses your adder.
Your adder bites the orc warrior but does no damage.
Your adder closely misses the orc warrior.
It was a potion of haste.
You feel yourself speed up.
Your adder bites the orc warrior but does no damage.
The orc warrior hits you with a +0 broad axe!
You die...

### ###......<......## ### ###.##
###......#.........##
..###....####........#..........#
#........##......................
##...............................
#..........##...>....#...........
...........##..S.....###......###
............##.So....# ########
............##..@....#
.>.........####......#
............# #......########
#........##.# #......##.....###
#.......###.####..............##
##....### #..# #.....#.........##
###### ###.####....#...........
###....# #................
##......# #.....#..........


You could see an orc warrior and 2 friendly adders.

Vanquished Creatures
  Sigmund (D:3)
  A bullfrog (D:6)
  A scorpion (D:4)
  2 howler monkeys (D:4)
  A crimson imp (D:5)
  2 orc priests
  4 hounds
  An iguana (D:5)
  4 orc wizards
  2 worker ants
  Terence (D:3)
  3 gnolls (D:3)
  9 adders
  A shadow imp (D:5)
  2 worms
  A dart slug (D:4)
  3 leopard geckos
  16 orcs
  4 giant cockroaches
  8 goblins
  6 hobgoblins
  9 kobolds
  2 quokkas
  7 bats
  3 frilled lizards
  A jackal skeleton (D:4)
  A jackal zombie (D:6)
  2 rats
98 creatures vanquished.

Vanquished Creatures (collateral kills)
  An ogre (D:5)
  An orc priest (D:6)
  A worker ant (D:4)
  An adder (D:6)
  2 orcs
6 creatures vanquished.

Vanquished Creatures (others)
  2 ancestors (D:6)
2 creatures vanquished.

Grand Total: 106 creatures vanquished

Notes
Turn   | Place    | Note
-------+----------+-------------------------------------------
     0 | D:1      | Napalmbreeze the Draconian Transmuter began the quest for
                  | the Orb.
     0 | D:1      | Reached XP level 1. HP: 16/16 MP: 3/3
   217 | D:1      | Reached XP level 2. HP: 23/23 MP: 5/5
  1097 | D:2      | Learned a level 2 spell: Sticks to Snakes
  1274 | D:2      | Reached XP level 3. HP: 29/29 MP: 6/6
  1813 | D:3      | Noticed Terence
  1873 | D:3      | Found a shadowy altar of Dithmenos.
  1935 | D:3      | Noticed Sigmund
  1953 | D:3      | You fall into a shaft and drop 2 floors!
  1953 | D:5      | Entered Level 5 of the Dungeon
  1954 | D:5      | Noticed an ogre
  1958 | D:4      | Noticed a scorpion
  1978 | D:4      | HP: 1/30 [scorpion (8)]
  1980 | D:4      | Killed a scorpion
  1980 | D:4      | Reached XP level 4. HP: 1/38 MP: 3/8
  2307 | D:4      | Reached XP level 5. HP: 31/45 MP: 7/9
  2354 | D:4      | Reached skill level 3 in Spellcasting
  2542 | D:4      | Reached XP level 6. HP: 35/51 MP: 5/11
  2730 | D:4      | Found a blossoming altar of Fedhas.
  2794 | D:4      | Reached skill level 4 in Spellcasting
  3175 | D:4      | Found a bloodstained altar of Trog.
  3828 | D:3      | Found a white marble altar of Elyvilon.
  3851 | D:3      | Killed Sigmund
  3851 | D:3      | Your scales start taking on a pale cyan-grey colour.
  3851 | D:3      | Reached XP level 7. HP: 47/59 MP: 8/14
  3953 | D:3      | Killed Terence
  4203 | D:3      | Reached skill level 5 in Spellcasting
  4692 | D:5      | Found an ornate altar of the Wu Jian Council.
  4780 | D:5      | Reached skill level 5 in Fighting
  5378 | D:5      | Found a shattered altar of Ashenzari.
  5411 | D:5      | Reached skill level 6 in Spellcasting
  5418 | D:5      | Learned a level 5 spell: Blade Hands
  5785 | D:5      | Found a sparkling altar of Nemelex Xobeh.
  5852 | D:6      | Found a hazy altar of Hepliaklqana.
  5860 | D:6      | Became a worshipper of Hepliaklqana the Forgotten
  6032 | D:6      | Reached XP level 8. HP: 57/61 MP: 17/17
  6192 | D:5      | HP: 3/61 [orc warrior/+0 broad axe (16)]
  6193 | D:5      | Slain by an orc warrior

Levels and vault maps discovered:
D:1:      dpeg_arrival_round_a, layout_loops_corners, minmay_tetromino_s2
D:2:      layout_basic, serial_forest, infiniplex_forest_clump_large,
          infiniplex_forest_straight_1, infiniplex_forest_end_1,
          infiniplex_forest_lined_corner, infiniplex_forest_lined_room_3,
          grunt_ministairs_8
D:3:      layout_basic, nicolae_dithmenos_shadow_blocks,
          overflow_temple_1_default, hangedman_decor_riveting, uniq_sigmund,
          uniq_terence
D:4:      layout_basic, bloody_trog, nicolae_ossuary_entry_ruins,
          fedhas_altar_fruit_tree
D:5:      layout_cave_pods, ashenzari_conservatory_becter,
          nemelex_xobeh_ov_fountains_minmay, overflow_temple_1_default,
          first_ration
D:6:      layout_basic, old_standard_altar

Skill      XL: |  1  2  3  4  5  6  7 |
---------------+----------------------+-----
Fighting       | 2 3 4 5 |  5.2
Transmutations | 3 4 |  4.3
Spellcasting   | 3 4 6 |  6.2
Unarmed Combat | 4 |  4.2
Dodging        | |  1.7

Action                   |  1- 3 |  4- 6 |  7- 9 || total
-------------------------+-------+-------+-------++-------
Melee: Unarmed           |   127 |   158 |   217 ||   502
       Tailslap          |    14 |    18 |    32 ||    64
       Headbutt          |     8 |    19 |    13 ||    40
       Punch             |       |     3 |     8 ||    11
 Cast: Beastly Appendage |     8 |    11 |    12 ||    31
       Sticks to Snakes  |     3 |     6 |     3 ||    12
Invok: Ancestor Identity |       |       |     1 ||     1
 Abil: Breathe Steam     |       |       |     1 ||     1
  Use: Potion            |       |       |     1 ||     1
 Stab: Sleeping          |     2 |     1 |       ||     3
       Distracted        |       |       |     3 ||     3
  Eat: Chunk             |     4 |     2 |     9 ||    15
       Ration            |       |     1 |       ||     1
Armor: Skin              |    53 |    47 |    78 ||   178
Dodge: Dodged            |    75 |    91 |   112 ||   278

Table legend:
 A = Non-vault XP
 B = Vault XP
 C = Vault XP percentage of total XP
 D = Non-vault monster count
 E = Vault monster count
 F = Vault count percentage of total count
                 A         B        C        D         E       F
            +---------+---------+-------+---------+---------+-------
      Total |    1312 |     250 |  16.0 |      99 |       5 |   4.8
            +---------+---------+-------+---------+---------+-------
        D:1 |      26 |       2 |   7.1 |      15 |       1 |   6.2
        D:2 |      45 |       4 |   8.2 |      12 |       2 |  14.3
        D:3 |     187 |     244 |  56.6 |      23 |       2 |   8.0
        D:4 |     467 |       0 |   0.0 |      24 |       0 |   0.0
        D:5 |     428 |       0 |   0.0 |      19 |       0 |   0.0
        D:6 |     159 |       0 |   0.0 |       6 |       0 |   0.0
            +---------+---------+-------+---------+---------+-------
